AoeStats
← SuperZèbre

Arena

510276065Analyzed
1v1 RM · 1d ago on Sep 30, 2026· 64m 19s· 2 players
Game mode
Random Map
Map size
Tiny (2 player)
Population
200
Speed
Normal
Resources
Standard
Victory
Conquest
Starting age
Dark Age
Ending age
Imperial Age
RankedLock teamsTeams togetherTeam positionsShared explorationLock speedFull tech treeHidden civsTurbo modeCheats
Victory
Defeat
🇨🇳 Britons · China
607
+18
🇧🇪 Dravidians · Belgium
661
-18
太子
7:18 Loom
11:07 Feudal Age
12:21 Horse Collar
14:00 Double-Bit Axe
18:20 Castle Age
16:39 Stone Mining
21:29 Bow Saw
21:23 Heavy Plow
29:35 Imperial Age
27:51 Gold Mining
27:26 Pikeman
29:10 Wheelbarrow
29:29 Squires
29:16 Gambesons
29:30 Fletching
30:22 Ballistics
30:27 Fortified Wall
31:14 Bodkin Arrow
31:37 Scale Mail Armor
31:53 Warwolf
33:40 Yeomen
34:33 Hoardings
34:04 Elite Longbowman
36:18 Bracer
36:35 Chain Mail Armor
36:31 Forging
38:29 Halberdier
39:27 Siege Engineers
40:24 Chemistry
39:35 Masonry
39:48 Padded Archer Armor
42:54 Plate Mail Armor
45:06 Leather Archer Armor
44:51 Murder Holes
45:28 Architecture
44:47 Arrowslits
46:32 Ring Archer Armor
48:06 Iron Casting
52:11 Gold Shaft Mining
53:26 Treadmill Crane
59:57 Blast Furnace
60:32 Crossbowman
SuperZèbre
0:29 Loom
13:40 Feudal Age
16:20 Double-Bit Axe
17:20 Double-Bit Axe
19:48 Castle Age
18:21 Stone Mining
18:34 Gold Mining
18:33 Horse Collar
25:04 Bow Saw
31:03 Imperial Age
29:15 Heavy Plow
30:32 Scale Barding Armor
30:38 Forging
31:02 Husbandry
30:55 Pikeman
31:35 Squires
31:22 Arson
31:33 Gambesons
31:09 Man-at-Arms
32:07 Padded Archer Armor
32:52 Conscription
33:09 Medical Corps
35:33 Two-Man Saw
34:48 Murder Holes
35:04 Fortified Wall
35:55 Chemistry
35:17 Ballistics
34:57 Murder Holes
35:13 Fortified Wall
34:57 Fletching
35:24 Leather Archer Armor
36:40 Wootz Steel
35:51 Halberdier
36:57 Thumb Ring
40:11 Ring Archer Armor
39:36 Bodkin Arrow
40:02 Chain Barding Armor
40:18 Iron Casting
40:20 Siege Elephant
55:37 Elite Urumi Swordsman
55:45 Elite Skirmisher
59:09 Elite Elephant Archer
Connection lost

Rejoining the realm…

Still unreachable

The connection could not be restored.

Session expired

The server has moved on; the page needs a fresh start.